 Dungeon Crawl Stone Soup version 0.30.1-4-g462c640d31 (webtiles) character file.

Game seed: 7882320976880889215

95 spardeous the Chopper (level 4, -2/36 HPs)
             Began as a Demigod Gladiator on Aug 22, 2023.
             Slain by a sky beast (6 damage)
             ... on level 3 of the Dungeon.
             The game lasted 00:02:17 (2197 turns).

spardeous the Chopper (Demigod Gladiator)           Turns: 2197, Time: 00:02:18

Health: -2/36      AC:  6    Str: 19    XL:     4   Next: 17%
Magic:  6/6        EV: 10    Int: 10    God:
Gold:   78         SH:  7    Dex: 15    Spells: 3/3 levels left

rFire   . . .        a - +0 war axe
rCold   . . .        n - +0 kite shield
rNeg    . . .        p - +0 ring mail
rPois   .            c - +0 helmet
rElec   .            (no cloak)
rCorr   .            (no gloves)
SInv    .            (no boots)
Will    .....        (no amulet)
Stlth   +            g - ring of wizardry
HPRegen 0.26/turn    (no ring)
MPRegen 0.10/turn

%: wizardry (x1)
@: no status effects
A: high MP 1, forlorn, divine attributes
a: no special abilities


You were on level 3 of the Dungeon.
You visited 1 branch of the dungeon, and saw 3 of its levels.

You collected 78 gold pieces.

Inventory:

Hand Weapons
 a - a +0 war axe (weapon)
Missiles
 d - 3 throwing nets (quivered)
 e - 6 javelins
Armour
 b - a +0 leather armour
 c - a +0 helmet (worn)
 n - a +0 kite shield (worn)
 p - a +0 ring mail (worn)
Jewellery
 g - a ring of wizardry (left hand)
 h - a ring of fire
Scrolls
 i - a scroll of immolation {unknown}
 m - a scroll of brand weapon {unknown}
Potions
 f - 2 potions of curing
 j - a potion of degeneration {unknown}
 k - 2 potions of ambrosia {unknown}
 l - a potion of heal wounds {unknown}
 o - a potion of haste {unknown}


   Skills:
 - Level 1.7 Fighting
 + Level 4.8 Axes
 - Level 1.7 Throwing
 - Level 2.6 Dodging


You had 3 spell levels left.
You didn't know any spells.
Your spell library was empty.

Dungeon Overview and Level Annotations

Branches:
Dungeon (3/15)


Innate Abilities, Weirdness & Mutations

You have an increased reservoir of magic. (+10% MP)
You shall have no god before yourself.
Your divine heritage dramatically boosts your attributes as you level up.


Message History

The sky beast hits you but does no damage. x2
You closely miss the sky beast.
The sky beast is moderately wounded.
The sky beast barely misses you.
You hit the sky beast but do no damage.
The sky beast is moderately wounded.
The sky beast flickers out of sight!
Deactivating autopickup; reactivate with Ctrl-A.
Something hits you but does no damage.
A sky beast appears from thin air!
Reactivating autopickup.
You block the sky beast's attack.
You barely miss the sky beast.
The sky beast is moderately wounded.
The sky beast hits you but does no damage.
You slash the sky beast!
The sky beast is severely wounded.
You block the sky beast's attack. x2
You hit the sky beast.
The sky beast is almost dead.
The sky beast barely misses you.
You barely miss the sky beast.
The sky beast is almost dead.
The sky beast flickers out of sight!
Deactivating autopickup; reactivate with Ctrl-A.
Something hits you but does no damage.
You barely miss something. Something hits you. Something shocks you.
* * * LOW HITPOINT WARNING * * *
You block something's attack.
You take 8 damage, and have 12/36 hp.
MASSIVE DAMAGE!!
Unknown command.
You miss something. Something hits you but does no damage.
You miss something. Something hits you but does no damage. Something hits you.
* * * LOW HITPOINT WARNING * * *
Something shocks you.
* * * LOW HITPOINT WARNING * * *
You take 7 damage, and have 5/36 hp.
You miss something. Something hits you.
* * * LOW HITPOINT WARNING * * *
Something shocks you.
You die...

#..####.## # #......... #
#.######## # #.#P.P... ###
###.#...... ####### ...
....#P.....# ......#######.#
##..########.###...........####
####..# ...............<.....#
..# ......†@.!..########.# ..#
......{.#.#.# ... .....>..#.#.#
.... .......##.#.# #.#.........
..#.. ....... ####. .....?. .#
....... .#


There were no monsters in sight!

Vanquished Creatures
  3 adders (D:2)
  2 gnolls (D:2)
  2 worms
  5 endoplasms
  A giant cockroach (D:1)
  3 hobgoblins
  4 jackals (D:1)
  A kobold (D:2)
  6 ball pythons
  6 bats
  3 frilled lizards
  3 goblins
  6 rats
45 creatures vanquished.

Notes
Turn   | Place    | Note
-------+----------+-------------------------------------------
     0 | D:1      | spardeous the Demigod Gladiator began the quest for the
                  | Orb.
     0 | D:1      | Reached XP level 1. HP: 17/17 MP: 3/3
    91 | D:1      | Reached skill level 3 in Axes
   108 | D:1      | Reached XP level 2. HP: 12/24 MP: 4/4
   728 | D:2      | Reached skill level 4 in Axes
   728 | D:2      | Reached XP level 3. HP: 24/29 MP: 5/5
  1870 | D:3      | Reached XP level 4. HP: 34/36 MP: 6/6
  2178 | D:3      | Noticed a sky beast
  2197 | D:3      | Slain by a sky beast

Illustrated notes

Levels and vault maps discovered:
D:1:      doesnt_arrival_eight_statues, layout_basic
D:2:      layout_loops_ring, basic_altar
D:3:      layout_loops_ring, shapermc_ecumenical_altar_mp_vishouse,
          serial_aquarium, aquarium_bridge_square [aquarium_subvault_bridge,
          aquarium_subvault_wall, aquarium_subvault_window,
          aquarium_subvault_bridge], aquarium_window_3, aquarium_window_1,
          aquarium_window_1, aquarium_window_fake, aquarium_view_2f,
          aquarium_view_2d, aquarium_balcony_3b, minmay_cut_off

Skill      XL: |  1  2 |
---------------+-------+-----
Axes           | 3 4 |  4.8
Fighting       | |  1.7
Throwing       | |  1.7
Dodging        | |  2.6

Action                     |  1- 3 |  4- 6 || total
---------------------------+-------+-------++-------
  Melee: War axe           |   119 |    27 ||   146
    Use: Potion            |     5 |       ||     5
   Stab: Sleeping          |     4 |       ||     4
 Armour: Leather armour    |    21 |       ||    21
         Ring mail         |    10 |    12 ||    22
  Dodge: Dodged            |    84 |    10 ||    94
  Block: Kite shield       |    11 |    11 ||    22
